 Dungeon Crawl Stone Soup version 0.31-a0-431-g88bdf31460 (webtiles) character file.

Game seed: 2738570753538335262

6142 lunkers the Martial Artist (level 11, -5/92 HPs)
             Began as a Meteoran Shapeshifter on July 31, 2023.
             Was a High Priest of Okawaru.
             Shot with an arrow by a centaur (6 damage)
             ... on level 9 of the Dungeon.
             The game lasted 00:10:59 (4178 turns).

lunkers the Martial Artist (Meteoran Shapeshifter)  Turns: 4178, Time: 00:11:00

Health: -5/92      AC: 11    Str: 17    XL:     11   Next: 34%
Magic:  17/17      EV: 14    Int: 16    God:    Okawaru [*****.]
Gold:   547        SH:  0    Dex: 19    Spells: 10/10 levels left

rFire   . .          .
                       - Unarmed
rCold   . . .        (no shield)
rNeg    . . .        d - +2 chain mail {rPois}
rPois   +            (helmet currently unavailable)
rElec   .            (cloak currently unavailable)
rCorr   .            (gloves currently unavailable)
SInv    .            (boots currently unavailable)
Will    +....        (no amulet) Stlth
                     s - +6 ring of intelligence
HPRegen 0.35/turn    (no ring)
MPRegen 0.15/turn

%: no passive effects
@: beast-form, heroic, slowed, glowing, studying Conjurations, very slow
A: beast (slay +2), sense surroundings 2, otherworldly, glowing, explore regen
a: Begin Untransformation, Renounce Religion, Heroism, Finesse, Duel


You were on level 9 of the Dungeon.
You worshipped Okawaru.
Okawaru was extremely pleased with you.
You were a hulking beast.
You visited 1 branch of the dungeon, and saw 9 of its levels.

You collected 547 gold pieces.

Inventory:

Armour
 a - a +0 helmet
 d - a +2 chain mail of poison resistance (worn)
 g - the +2 leather armour of Insatiable Hunger {-Cast rElec rF+ Str+6}
   (You found it on level 6 of the Dungeon)

   Str:       It affects your strength (+6).
   rF:        It protects you from fire.
   rElec:     It insulates you from electricity.
   -Cast:     It prevents spellcasting.
 h - a +0 pair of boots
 t - a +1 cloak of willpower
Jewellery
 m - a ring of fire
 s - a +6 ring of intelligence (left hand)
Talismans
 q - a beast talisman (active)
Wands
 c - a wand of paralysis (9)
Scrolls
 j - 2 scrolls of fear
 k - 3 scrolls of teleportation
 p - a scroll of revelation {unknown}
Potions
 b - a potion of brilliance
 e - a potion of mutation
 f - 4 potions of haste
 i - a potion of attraction {unknown}
 l - a potion of degeneration {unknown}
 n - 2 potions of lignification
 o - a potion of curing {unknown}
 r - a potion of heal wounds {unknown}


   Skills:
 + Level 7.4(12.4) Fighting
 + Level 8.4(13.4) Dodging
 + Level 14.3(19.3) Unarmed Combat
 - Level 7.0 Invocations
 - Level 3.6 Shapeshifting


You had 10 spell levels left.
You didn't know any spells.
Your spell library contained the following spells:

 Spells                   Type           Power      Damage    Failure   Level
 Necrotise                Necr           0%         1d4       94%         1
 Cigotuvi's Dreadful Rot  Necr/Pois/Air  0%         N/A       98%         2
 Ensorcelled Hibernation  Hex/Ice        0%         N/A       98%         2
 Poisonous Vapours        Pois/Air       0%         N/A       98%         2
 Dazzling Flash           Conj/Hex       0%         N/A       100%        3
 Ignite Poison            Fire/Tmut/Pois 0%         N/A       100%        3
 Mephitic Cloud           Conj/Pois/Air  0%         N/A       100%        3
 Vampiric Draining        Necr           0%         2d6       100%        3
 Vhi's Electric Charge    Tloc/Air       0%         N/A       100%        3
 Volatile Blastmotes      Fire/Tloc      0%         2d10      100%        3
 Anguish                  Hex/Necr       0%         N/A       100%        4
 Passage of Golubria      Tloc           0%         N/A       100%        4
 Agony                    Necr           0%         N/A       100%        5
 Arcjolt                  Conj/Air       0%         1d10      100%        5
 Freezing Cloud           Conj/Ice/Air   0%         6-21      100%        5
 Yara's Violent Unravell  Hex/Tmut       0%         3d3       100%        5
 Plasma Beam              Fire/Air       0%         2x1d10    100%        6
 Starburst                Conj/Fire      0%         6d3       100%        6
 Maxwell's Capacitive Co  Air            0%         ∞         100%        8
 Tukima's Dance           Hex            Unusable   N/A       N/A         3

Dungeon Overview and Level Annotations

Branches:
Dungeon (9/15) Zot: 1306   Temple (0/1) D:6
   Lair: D:8-11         Orc: D:9-12

Altars:
Cheibriados
Dithmenos
Makhleb
Okawaru
Qazlal
Ru
Uskayaw

Shops:
D:4 *?


Innate Abilities, Weirdness & Mutations

You are a hulking beast.
Your limbs bulge with bestial killing power. (Slay +2)
You passively map the area around you.
You are easily found by Zot.
You glow in the dark.
You regain HP and MP as you explore.


Message History

Deactivating autopickup; reactivate with Ctrl-A.
Things that are here:
a +0 halberd; a +0 plate armour Something hits you but does no damage.
Something hits you but does no damage. Something hits you but does no damage.
Something hits you.
* * * LOW HITPOINT WARNING * * *
Something hits you.
* * * LOW HITPOINT WARNING * * *
You swing at nothing.
A centaur comes into view. It is wielding a +0 long sword.
Something hits you but does no damage.
You barely miss something.
The centaur shouts!
Something hits you but does no damage.
The centaur unwields a +0 long sword.
The centaur wields a +0 shortbow.
The centaur shoots an arrow.
The arrow completely misses you. Something hits you but does no damage.
You barely miss something. You punch something!
Something hits you but does no damage. x2; The centaur shoots an arrow.
The arrow hits you but does no damage.
The centaur shoots an arrow.
The arrow barely misses you.
You punch something! Something hits you.
* * * LOW HITPOINT WARNING * * *
Something hits you but does no damage.
The centaur shoots an arrow.
The arrow hits you.
* * * LOW HITPOINT WARNING * * *
You pummel something!! Your punch misses something. Something hits you.
* * * LOW HITPOINT WARNING * * *
Something hits you!
* * * LOW HITPOINT WARNING * * *
The centaur shoots an arrow.
The arrow closely misses you.
Unknown command.
You punch something! Okawaru accepts your kill.
Reactivating autopickup.
You feel a bit more experienced.
The centaur shoots an arrow.
The arrow hits you!
* * * LOW HITPOINT WARNING * * *
The centaur shoots an arrow.
The arrow hits you.
You die...

.......*
*,#.#.........#.#
##.###.* , ..#.........#
. ..## * ,,
,**,..#.........# .. ,
#.# * , , #.#####.#####
## ..# *,* #
#.#..#..#.#.#, , , #.#
#.#.##.#..#...# * ** ..#
#.#.#...).#...# ,, ###
..###...###.....###.#*
*,..c.....h.).........#
**
*,...###..######..#####,*
, , ,,.....# .....#, , ,
.......# ..#..##, ,
........# #..#...#, , *
,........# ##.##### * ,
...####.., .. ... ### .#
* ** ,,, ,


You could see a centaur.

Vanquished Creatures
  2 two-headed ogres
  Pikel (D:5)
  2 deep elf pyromancers (D:9)
  Maurice (D:8)
  An unseen horror (D:9)
  A hornet (D:8)
  A wraith (D:9)
  2 yaks (D:8)
  A steam dragon (D:7)
  Edmund (D:6)
  A water moccasin (D:6)
  2 orc warriors (D:9)
  2 black bears
  3 sky beasts
  3 centaurs (D:7)
  2 phantoms
  2 bullfrogs
  2 scorpions
  4 killer bees (D:9)
  A jelly (D:5)
  2 howler monkeys
  2 hounds
  5 orc priests
  Crazy Yiuf (D:6)
  5 iguanas
  2 sleepcaps
  Terence (D:3)
  7 orc wizards
  8 gnolls
  3 adders
  3 worms
  6 dart slugs
  10 orcs
  6 bats
  4 endoplasms
  4 giant cockroaches
  10 hobgoblins
  5 jackals
  A kobold (D:4)
  3 quokkas
  11 ball pythons
  3 frilled lizards
  5 goblins
  5 rats
147 creatures vanquished.

Notes
Turn   | Place    | Note
-------+----------+-------------------------------------------
     0 | D:1      | lunkers the Meteoran Shapeshifter began the quest for the
                  | Orb.
     0 | D:1      | Reached XP level 1. HP: 16/16 MP: 2/2
    34 | D:1      | Reached skill level 4 in Unarmed Combat
    38 | D:1      | Reached XP level 2. HP: 21/23 MP: 3/3
   167 | D:1      | Reached XP level 3. HP: 24/28 MP: 4/4
   246 | D:1      | Reached skill level 5 in Unarmed Combat
   406 | D:2      | Reached XP level 4. HP: 35/35 MP: 5/5
   408 | D:2      | Found an iron altar of Okawaru.
   435 | D:2      | Reached skill level 6 in Unarmed Combat
   441 | D:2      | Reached XP level 5. HP: 24/40 MP: 6/6
   472 | D:2      | Became a worshipper of Warmaster Okawaru
   754 | D:3      | Noticed Terence
   786 | D:3      | Killed Terence
   872 | D:3      | Reached skill level 7 in Unarmed Combat
  1162 | D:3      | Reached XP level 6. HP: 47/47 MP: 7/7
  1369 | D:4      | Noticed a sky beast
  1369 | D:4      | Found Wukhiff's Magic Scroll Boutique.
  1397 | D:4      | Killed a sky beast
  1398 | D:4      | Reached skill level 8 in Unarmed Combat
  1398 | D:4      | Reached XP level 7. HP: 35/52 MP: 8/8
  1431 | D:4      | Reached * piety under Okawaru
  1439 | D:4      | Found Toap's General Store.
  1446 | D:4      | Reached skill level 9 in Unarmed Combat
  1584 | D:4      | Reached skill level 10 in Unarmed Combat
  1584 | D:4      | Reached XP level 8. HP: 40/59 MP: 9/9
  1794 | D:5      | Entered Level 5 of the Dungeon
  1806 | D:5      | Noticed Pikel
  1813 | D:5      | Killed Pikel
  1814 | D:5      | Reached skill level 11 in Unarmed Combat
  1955 | D:5      | Reached ** piety under Okawaru
  1956 | D:5      | Reached skill level 12 in Unarmed Combat
  1956 | D:5      | Reached skill level 1 in Invocations
  1956 | D:5      | Gained mutation: You passively map the area around you.
                  | [Meteoran growth]
  1956 | D:5      | Reached XP level 9. HP: 64/64 MP: 9/11
  2177 | D:6      | Found a hide-covered altar of Uskayaw.
  2250 | D:6      | Identified the +2 leather armour of Insatiable Hunger
                  | {-Cast rElec rF+ Str+6}
  2438 | D:6      | Noticed Edmund
  2455 | D:6      | Killed Edmund
  2456 | D:6      | Reached skill level 5 in Invocations
  2502 | D:6      | Found a runed translucent door.
  2503 | D:6      | Noticed Crazy Yiuf
  2508 | D:6      | Killed Crazy Yiuf
  2630 | D:6      | Found a staircase to the Ecumenical Temple.
  2758 | D:7      | Reached *** piety under Okawaru
  2844 | D:7      | Reached XP level 10. HP: 67/78 MP: 15/15
  3548 | D:8      | Noticed Maurice
  3580 | D:8      | Paralysed by something for 3 turns
  3586 | D:8      | Paralysed by something for 4 turns
  3595 | D:8      | Killed Maurice
  3596 | D:8      | Reached skill level 5 in Dodging
  3596 | D:8      | Reached skill level 13 in Unarmed Combat
  3633 | D:8      | Reached **** piety under Okawaru
  3634 | D:8      | Reached skill level 5 in Fighting
  3702 | D:8      | Paralysed by a hornet for 3 turns
  3703 | D:8      | Noticed a two-headed ogre
  3714 | D:8      | Killed a two-headed ogre
  3719 | D:8      | Found a shadowy altar of Dithmenos.
  3806 | D:8      | Found an iron altar of Okawaru.
  3849 | D:8      | Found a burning altar of Makhleb.
  3860 | D:8      | Found a snail-covered altar of Cheibriados.
  3864 | D:8      | Found a sacrificial altar of Ru.
  3940 | D:9      | Found a stormy altar of Qazlal.
  4005 | D:9      | Noticed a two-headed ogre
  4012 | D:9      | Killed a two-headed ogre
  4012 | D:9      | Reached ***** piety under Okawaru
  4013 | D:9      | Reached XP level 11. HP: 46/91 MP: 17/17
  4081 | D:9      | Noticed a deep elf pyromancer
  4089 | D:9      | Noticed a deep elf pyromancer
  4097 | D:9      | Killed a deep elf pyromancer
  4098 | D:9      | Reached skill level 14 in Unarmed Combat
  4109 | D:9      | Killed a deep elf pyromancer
  4178 | D:9      | HP: 1/92 [centaur/arrow (9)]
  4178 | D:9      | Shot with an arrow by a centaur

Illustrated notes

Levels and vault maps discovered:
D:1:      minmay_arrival_five_plusses, layout_basic
D:2:      layout_loops_cross, basic_altar
D:3:      layout_loops_corners, nrook_uturn, roderic_batcave,
          chequers_serial_rivers_room_a, uniq_terence
D:4:      layout_rooms, minmay_shop_grid_forest, nicolae_stop_n_shop_1
D:5:      layout_gridville, kennysheep_small_spiral,
          nicolae_concentric_dashed_squares_mild, amcnicky_mini_pool_small,
          minmay_crystal_water, minmay_misc_feat_plants, nicolae_letterblocks
          [nicolae_letter_subblock, nicolae_letter_subblock,
          nicolae_letter_subblock, nicolae_letter_subblock,
          nicolae_letter_subblock, nicolae_letter_subblock,
          nicolae_letter_subblock, nicolae_letter_subblock,
          nicolae_letter_subblock, nicolae_letter_subblock,
          nicolae_letter_subblock, nicolae_letter_subblock,
          nicolae_letter_subblock, nicolae_letter_subblock,
          nicolae_letter_subblock, nicolae_letter_subblock,
          nicolae_letter_subblock, nicolae_letter_subblock,
          nicolae_letter_subblock, nicolae_letter_subblock,
          nicolae_letter_subblock, nicolae_letter_subblock,
          nicolae_letter_subblock, nicolae_letter_subblock,
          nicolae_letter_subblock], uniq_pikel
D:6:      layout_loops_cross, amcnicky_altar_gilded,
          minmay_temple_entry_mini_moons, grunt_ministairs_1, uniq_edmund,
          uniq_crazy_yiuf_cottage
D:7:      layout_layer_cave, minmay_manual_mares
D:8:      layout_gridville, minmay_overflow_temple_star_quad,
          nicolae_dithmenos_shadow_blocks, mainiacjoe_overflow_cross_hatched,
          grunt_ministairs_13, minmay_microvault, uniq_maurice
D:9:      layout_loops_cross, nicolae_qazlal_general_emergency,
          minmay_the_grid_2x2 [minmay_the_grid_empty, minmay_the_grid_spikes,
          minmay_the_grid_paths, minmay_the_grid_prize_inner_circle]

Skill      XL: |  1  2  3  4  5  6  7  8  9 10 11 |
---------------+----------------------------------+-----
Unarmed Combat | 4 5 6 7 8 10 12 13 14 | 14.3
Invocations    | 1 6 7 |  7.0
Dodging        | 4 7 8 |  8.4
Fighting       | 3 6 7 |  7.4
Shapeshifting  | |  3.6

Action                     |  1- 3 |  4- 6 |  7- 9 | 10-12 || total
---------------------------+-------+-------+-------+-------++-------
  Melee: Unarmed           |    73 |   118 |   169 |   134 ||   494
         Punch             |     1 |     2 |    13 |    12 ||    28
 Invoke: Heroism           |       |       |     1 |     5 ||     6
    Use: Potion            |       |     1 |       |       ||     1
         Scroll            |       |     1 |     8 |     1 ||    10
 Armour: Animal skin       |    25 |    13 |       |       ||    38
         Skin              |       |    47 |       |       ||    47
         Chain mail        |       |    26 |    93 |    63 ||   182
  Dodge: Dodged            |    44 |    53 |    63 |    49 ||   209

Table legend: (Time is in decaauts)
 A = Elapsed time spent in this place.
 B = Non-inter-level travel time spent in this place.
 C = Inter-level travel time spent in this place.
 D = Time resting spent in this place.
 E = Time spent auto-exploring this place.
 F = Levels seen in this place.
 G = Mean time per level.
                   A        B        C        D        E       F      G
               +--------+--------+--------+--------+--------+-----+--------+
         Total |   4092 |   3877 |    215 |      3 |   2724 |   9 |  454.7 |
       Dungeon |   4092 |   3877 |    215 |      3 |   2724 |   9 |  454.7 |
               +--------+--------+--------+--------+--------+-----+--------+

Top non-repeatable levels by time:
     D:7: 882 daAuts
     D:3: 619 daAuts
     D:6: 473 daAuts
     D:4: 411 daAuts
     D:2: 386 daAuts
     D:8: 372 daAuts
     D:5: 370 daAuts
     D:1: 343 daAuts
     D:9: 233 daAuts
